Map: Orbital Shipyard

Players

onti

  • Race: Protoss Protoss
  • League: Silver

lesha - Winner!

  • Race: Terran Terran
  • League: Silver

VOD

Have the link to the VOD?

Description

Time

  • Played on: Dec. 29, 2015, 9:25 a.m.
  • Length: 13:44
Show
View Real Time Build Order
Export as new Build Order

onti Protoss 

Build Orders: 1 Gate Expand 

Get SALT Encoding   

  12  0:01  Probe (Chrono Boost)  
  13  0:12  Probe (Chrono Boost)  
  14  0:18  Pylon  
  14  0:23  Probe (Chrono Boost)  
  15  0:36  Probe (Chrono Boost)  
  15  0:41  Gateway  
  16  0:47  Probe (Chrono Boost)  
  16  0:48  Assimilator  
  17  0:57  Probe (Chrono Boost)  
  18  1:19  Nexus  
  18  1:31  Cybernetics Core  
  18  1:34  Probe (Chrono Boost)  
  19  1:49  Zealot  
  19  1:51  Probe (Chrono Boost)  
  23  2:01  Probe (Chrono Boost), Pylon  
  23  2:12  Warp Gate (Chrono Boost)  
  23  2:19  Adept (Chrono Boost)  
  23  2:20  Mothership Core (Chrono Boost)  
  27  2:23  Assimilator  
  27  2:31  Probe (Chrono Boost)  
  27  2:37  Pylon  
  26  2:59  Probe  
  26  3:00  Probe, Adept (Chrono Boost)  
  30  3:09  Probe  
  30  3:12  Probe  
  32  3:17  Pylon  
  32  3:22  Gateway  
  32  3:23  Robotics Facility  
  32  3:24  Probe  
  33  3:39  Probe  
  33  3:40  Probe  
  35  3:51  Gateway  
  35  3:52  Probe, Gateway  
  38  4:46  Warp Prism (Chrono Boost)  
  38  4:47  Probe  
  38  4:49  Probe  
  38  4:58  Probe  
  39  5:01  Probe  
  39  5:06  Twilight Council, Pylon  
  40  5:08  Probe  
  40  5:12  Pylon  
  41  5:14  Adept x2  
  41  5:15  Adept x2  
  49  5:30  Probe  
  49  5:31  Probe  
  51  5:43  Probe  
  51  5:45  Nexus  
  51  5:47  Pylon x2  
  51  5:49  Pylon  
  52  5:52  Probe  
  52  5:53  Pylon  
  52  5:55  Probe, Pylon  
  54  5:58  Assimilator  
  54  6:02  Assimilator  
  54  6:03  Probe  
  54  6:05  Pylon  
  54  6:07  Probe  
  56  6:13  Probe  
  49  6:29  Adept x2  
  49  6:30  Adept x2  
  49  6:32  Resonating Glaives (Chrono Boost)  
  55  6:35  Probe, Warp Prism  
  55  6:37  Probe  
  59  6:46  Probe  
  59  6:49  Probe  
  59  6:53  Gateway  
  61  6:55  Gateway  
  61  6:57  Probe x2  
  61  6:59  Gateway  
  61  7:01  Probe  
  64  7:02  Gateway  
  64  7:09  Stalker x2  
  64  7:10  Stalker  
  70  7:25  Adept  
  72  7:33  Forge  
  72  7:36  Probe x2  
  72  7:37  Probe  
  73  7:45  Assimilator  
  73  7:49  Assimilator  
  53  8:14  Probe x2  
  53  8:15  Probe  
  56  8:25  Probe x2  
  58  8:28  Probe  
  58  8:31  Protoss Ground Weapons Level 1 (Chrono Boost)  
  59  8:40  Probe  
  52  9:23  Adept x5  
  52  9:24  Adept x3  
  68  9:34  Gateway  
  68  9:35  Gateway  
  68  9:38  Pylon  
  68  9:40  Pylon  
  68  9:55  Adept x3, Dark Shrine  
  68  9:56  Adept x4  
  68  9:57  Pylon  
  68  9:59  Pylon  
  82  10:04  Observer  
  83  10:14  Adept  
  85  10:21  Gateway  
  85  10:22  Gateway  
  85  10:24  Gateway  
  85  10:25  Protoss Ground Armor Level 1 (Chrono Boost)  
  85  10:26  Observer  
  86  10:35  Adept x2  
  88  10:36  Adept x3  
  88  10:37  Adept x2  
  88  10:38  Adept  
  80  11:06  Zealot x4  
  80  11:07  Zealot x6  
  29  11:27  Dark Templar  
  29  11:28  Dark Templar x6  
  43  11:46  Stalker  
  43  11:47  Stalker x4  
  53  12:02  Adept x2  
  57  12:36  Stalker x4  
  55  13:15  Nexus  
  28  13:27  Dark Templar x2  
  28  13:28  Dark Templar x3  
Show
View Real Time Build Order
Export as new Build Order

lesha Terran - Winner!

Build Orders: MMM Bio 

Get SALT Encoding   

  12  0:01  SCV  
  13  0:13  SCV  
  14  0:19  Supply Depot  
  14  0:25  SCV  
  15  0:40  SCV  
  15  0:42  Barracks  
  16  0:49  Refinery  
  16  0:52  SCV  
  17  1:04  SCV  
  18  1:17  SCV  
  20  1:35  Orbital Command  
  20  1:39  Reaper  
  20  1:50  Supply Depot  
  20  2:00  Command Center  
  20  2:06  Refinery  
  20  2:07  SCV  
  21  2:19  SCV  
  21  2:21  Barracks Reactor  
  22  2:29  Factory  
  22  2:31  SCV  
  23  2:43  SCV  
  24  2:55  SCV  
  25  3:04  Marine x2  
  27  3:08  SCV  
  28  3:16  Barracks  
  28  3:17  Barracks  
  28  3:19  Supply Depot  
  29  3:20  SCV, Engineering Bay, Orbital Command  
  29  3:28  Factory Tech Lab  
  29  3:32  SCV  
  30  3:37  Starport  
  30  3:41  Marine x2  
  30  3:44  SCV  
  33  3:49  Missile Turret  
  33  3:55  Missile Turret  
  33  3:57  SCV x2  
  33  3:59  Marine  
  34  4:14  Marine x2  
  34  4:15  Marine  
  34  4:16  Marine  
  34  4:49  Barracks Reactor, Barracks Tech Lab  
  34  4:50  Starport Reactor  
  34  4:56  Barracks  
  34  4:57  Barracks  
  34  4:58  Terran Infantry Weapons Level 1  
  34  5:03  Siege Tank  
  37  5:16  SCV x2, Refinery  
  37  5:17  Refinery, Engineering Bay  
  37  5:19  Armory  
  39  5:26  Supply Depot  
  39  5:27  Supply Depot  
  39  5:28  SCV x2  
  41  5:30  Marine x5  
  46  5:36  Medivac  
  46  5:40  SCV  
  49  5:43  SCV  
  49  5:48  Marine  
  52  5:50  Barracks Reactor  
  52  5:51  Barracks Reactor  
  52  5:53  Stimpack  
  52  5:56  Medivac  
  53  6:07  SCV x2  
  47  6:19  SCV x2  
  46  6:28  Marine x3  
  46  6:29  Marine x6  
  46  6:31  Medivac  
  57  6:34  SCV  
  58  6:42  Terran Infantry Armor Level 1  
  58  6:46  Marine x4  
  62  6:57  SCV x2  
  64  7:03  Marine x3  
  64  7:04  Marine x2  
  64  7:05  Command Center  
  69  7:09  SCV  
  70  7:16  Supply Depot  
  70  7:18  Supply Depot  
  70  7:20  Supply Depot  
  70  7:21  Terran Infantry Weapons Level 2  
  70  7:37  SCV, Marine x3  
  70  7:38  Marauder  
  76  7:53  Combat Shields  
  76  7:56  Marine x2  
  76  7:57  Marine x6  
  82  8:24  Marine x4  
  82  8:25  Marine x4  
  90  8:35  SCV x2  
  92  8:42  Marine x2  
  92  8:43  Medivac x2  
  92  8:44  Marine  
  92  8:45  Marine x4  
  92  8:46  Marauder  
  92  8:47  SCV, Terran Infantry Armor Level 2  
  92  8:48  SCV  
  107  8:56  Orbital Command  
  101  9:12  Concussive Shells  
  99  9:23  Medivac x2  
  103  9:25  Marine x5  
  103  9:26  Marine  
  109  9:41  Supply Depot x2  
  109  9:44  Supply Depot  
  109  9:47  Supply Depot  
  109  10:02  Marine x6  
  109  10:03  Medivac, Marine x3  
  120  10:13  Command Center  
  120  10:19  Missile Turret  
  120  10:20  Marine x2  
  122  10:21  Missile Turret  
  122  10:23  Marine x7  
  122  10:26  Terran Infantry Weapons Level 3  
  129  10:38  Marine  
  95  11:23  Marine x7  
  95  11:24  Marine x2  
  95  11:25  Medivac x2  
  97  11:41  Marine x6  
  97  11:42  Marauder  
  98  12:04  Marauder  
  98  12:07  Marine x3  
  98  12:08  Marine x5  
  108  12:21  Raven  
  110  12:25  Marauder, Marine x3  
  115  12:30  Marine x5  
  120  12:39  Orbital Command  
  120  12:43  Marine x3  
  123  12:46  Marauder  
  123  12:49  SCV  
  123  12:50  SCV x2, Marine x2  
  123  12:51  Marine x3  
  133  13:02  SCV  
  134  13:08  Marauder  
Tags
 
Add a new tag
Caveats
  • Supply blocks, unpowered buildings, or Contaminate may cause inaccurate times.
  • Supply counts are checked every 10 seconds.